 Dungeon Crawl Stone Soup version 0.23-a0-32-g1388f29 (webtiles) character file.

95 glosham the Skirmisher (level 4, -7/40 HPs)
             Began as a Formicid Berserker on Aug 4, 2018.
             Was a Follower of Trog.
             Mangled by an ogre
             ... wielding a +0 giant club
              (25 damage)
             ... on level 8 of the Dungeon.
             The game lasted 00:07:59 (360 turns).

glosham the Skirmisher (Formicid Berserker)          Turns: 360, Time: 00:07:59

Health: -7/40      AC: 12    Str: 23    XL:     4   Next: 97%
Magic:  4/4        EV: 11    Int:  6    God:    Trog [*.....]
Gold:   0          SH:  0    Dex: 10    Spells: 3/3 levels left

rFire    . . .     SeeInvis +   a - +2 flail (protect)
rCold    . . .     Gourm    .   (no shield)
rNeg     . . .     Faith    .   j - +0 ring mail (curse)
rPois    .         Spirit   .   (helmet unavailable)
rElec    .         Reflect  .   (no cloak)
rCorr    .         Harm     .   (no gloves)
MR       .....                  (no boots)
Stlth    ..........             (no amulet)
HPRegen  0.13/turn              (no ring)
MPRegen  0.09/turn              (no ring)

@: protection aura
A: permanent stasis, dig shafts and tunnels, four strong arms, antennae 3
a: Dig, Shaft Self, Renounce Religion


You were on level 8 of the Dungeon.
You worshipped Trog.
Trog was aware of your devotion.
You were hungry.

You visited 1 branch of the dungeon, and saw 9 of its levels.

Inventory:

Hand Weapons
 a - a +2 flail of protection (weapon)
 b - a +0 hand axe
Missiles
 i - 28 arrows
Armour
 d - a +0 scale mail
 j - a cursed +0 ring mail (worn)
Wands
 f - a wand of clouds (6)
Potions
 e - a potion of degeneration {unknown}
 g - a potion of curing {unknown}
Comestibles
 c - 4 rations
 h - 2 chunks of flesh


   Skills:
 * Level 5.8 Fighting
 - Level 3.0 Axes
 - Level 2.1 Armour
 - Level 1.7 Dodging


You had 3 spell levels left.
You didn't know any spells.
Your spell library contained the following spells:

 Spells                   Type           Power        Failure   Level  Hunger
 Apportation              Tloc           #.....       61%         1    ##.....
 Summon Small Mammal      Summ           #...         61%         1    ##.....
 Animate Skeleton         Necr           N/A          61%         1    ##.....
 Confusing Touch          Hex            #.....       61%         1    ##.....


Dungeon Overview and Level Annotations

Branches:
Dungeon (10/15)
 Temple: D:4-7         Lair: D:8-11         Orc: D:9-12

Altars:
Yredelemnul


Innate Abilities, Weirdness & Mutations

You cannot be hasted, slowed, berserked, paralysed or teleported.
You can dig through walls and to a lower floor.
Your four strong arms can wield two-handed weapons with a shield.
You have a pair of large antennae on your head. (SInv)


Message History

You drop a +0 animal skin.
You aren't carrying any scrolls.
Unknown command.
There is a stone staircase leading up here.
You climb upwards.
There is a stone staircase leading down here.
You enter a teleport trap!
The teleport trap disappears.
You open the door.
Found a basalt altar of Yredelemnul.
Found a crooked brass wand.
You see here a wand of clouds (7).
f - a wand of clouds (7)
An ogre comes into view. It is wielding a giant club.
The ogre shouts!
You barely miss the ogre. The ogre hits you with a giant club.
You thump the ogre!
Your weapon exudes an aura of protection.
The ogre is moderately wounded.
The ogre hits you with a giant club!!
Ouch! That really hurt!
Evoke which item? (* to show all) (? for menu, Esc to quit)
Aiming: Cloud Cone
Press: ? - help, Dir - move target cursor, f - ogre
Aim: an ogre, wielding a giant club (moderately wounded)
You create a blast of noxious fumes!
The ogre is engulfed in noxious fumes.
The ogre appears confused.
The ogre is engulfed in noxious fumes.
The ogre appears confused.
The ogre is engulfed in noxious fumes.
The ogre is engulfed in noxious fumes.
The ogre appears confused.
The ogre gestures wildly.
You are feeling hungry.
Some of the chunks of flesh in your inventory have rotted away.
Found a flail.
The ogre seems less confused.
The ogre barely misses you.
You sock the ogre!
Your weapon exudes an aura of protection.
The ogre is severely wounded.
The ogre hits you with a giant club!!
Ouch! That really hurt!
You die...

## ### #. #.# ###
##..#########.# #.#
#.............## #.#
#...#########..######.#
###......................
.........######..######.#
###.....................
........@.....#...##....#
......##O###..#..........
.###.. .............###..
... #..###......###♣...
.... #..# #..#.###♣♣..♣#
.... ..........#♣♣...♣#
.... ...).....##♣...♣#
....###... ♣....♣ #..
#♣....♣


You could see an ogre.

Vanquished Creatures
  A crimson imp (D:10)
  An iguana (D:9)
  A worker ant (D:9)
  An adder (D:8)
  An adder skeleton (D:9)
  A ball python (D:8)
6 creatures vanquished.

Notes
Turn   | Place    | Note
-------+----------+-------------------------------------------
     0 | D:1      | glosham the Formicid Berserker began the quest for the Orb.
     0 | D:1      | Reached XP level 1. HP: 18/18 MP: 1/1
     3 | D:1      | You fall through a shaft!
     6 | D:2      | You fall through a shaft!
     9 | D:3      | You fall through a shaft for 2 floors!
     9 | D:5      | Entered Level 5 of the Dungeon
    12 | D:5      | You fall through a shaft!
    15 | D:6      | You fall through a shaft!
    15 | D:7      | Noticed a black bear
    18 | D:7      | You fall through a shaft for 2 floors!
    34 | D:9      | Noticed a water moccasin
    38 | D:9      | You fall through a shaft!
    38 | D:10     | Entered Level 10 of the Dungeon
    39 | D:10     | Noticed a crimson imp
    65 | D:10     | Killed a crimson imp
    65 | D:10     | Reached skill level 4 in Fighting
    65 | D:10     | Reached XP level 2. HP: 17/26 MP: 2/2
    65 | D:10     | Reached XP level 3. HP: 21/32 MP: 3/3
    72 | D:9      | Reached skill level 5 in Fighting
    72 | D:9      | Reached XP level 4. HP: 17/39 MP: 4/4
   300 | D:8      | Found a basalt altar of Yredelemnul.
   331 | D:8      | Noticed an ogre
   360 | D:8      | Mangled by an ogre

Vault maps used:
D:1:      giann_horns, minivault_23
D:2:      nicolae_qazlal_style_of_elements, first_ration,
          hangedman_abyss_or_decor_stabs, uniq_terence, uniq_natasha
D:3:      wad_woods_settlement, nicolae_ru_great_annihilating_truth
D:6:      kennysheep_kobold_camp, gammafunk_temple_overflow_pools,
          minmay_temple_entry_crystal_x, uniq_menkaure
D:7:      wad_river_or_something, grunt_decor_clamped, lemuel_oklob_altar,
          uniq_joseph
D:8:      minmay_curly_fans, kennysheep_ying_yang, special_room,
          ebering_ghost_reflecting_pool
D:10:     minmay_lair_entry_lava, serial_ice, serial_ice_i, serial_ice_c,
          serial_ice_n, serial_ice_d, basic_altar

Skill      XL: |  1  2  3 |
---------------+----------+-----
Fighting       | 4 5 |  5.8
Axes           | |  3.0
Armour         | |  2.1
Dodging        | |  1.7

Action                   |  1- 3 |  4- 6 || total
-------------------------+-------+-------++-------
Melee: Flail             |    18 |    14 ||    32
       Hand axe          |     4 |       ||     4
 Abil: Shaft Self        |     7 |       ||     7
Evoke: Wand              |       |     1 ||     1
  Use: Scroll            |     1 |       ||     1
Armor: Animal skin       |     8 |       ||     8
       Scale mail        |       |     7 ||     7
Dodge: Dodged            |    18 |     6 ||    24

Table legend:
 A = Spawn XP
 B = Non-spawn XP
 C = Spawn XP percentage of total XP
 D = Spawn monster count
 E = Non-spawn monster count
 F = Spawn count percentage of total count
 G = Total turns spent on level
                    A         B        C        D         E        F      G
               +---------+---------+-------+---------+---------+-------+---------
         Total |       0 |     137 |   0.0 |       0 |       6 |   0.0 |   360
               +---------+---------+-------+---------+---------+-------+---------
           D:8 |       0 |      15 |   0.0 |       0 |       2 |   0.0 |   219
           D:9 |       0 |      74 |   0.0 |       0 |       3 |   0.0 |    93
          D:10 |       0 |      48 |   0.0 |       0 |       1 |   0.0 |    30
               +---------+---------+-------+---------+---------+-------+---------

Table legend:
 A = Turns spent in this place as a percentage of turns spent in the entire game.
 B = Non-inter-level travel turns spent in this place as a percentage of non-inter-level travel turns spent in the entire game.
 C = Inter-level travel turns spent in this place as a percentage of turns spent in this place.
 D = Turns resting spent in this place as a percentage of non-inter-level travel turns spent in this place.
 E = Turns spent auto-exploring this place as a percentage of non-inter-level travel turns spent in this place.
 F = Non-inter-level travel turns spent in this place divided by the number of levels of this place that you've seen.
                   A       B       C       D       E      F
               +-------+-------+-------+-------+-------+----------------------
         Total | 100.0 | 100.0 |   0.0 |   0.0 |   0.0 |  40.0
       Dungeon | 100.0 | 100.0 |   0.0 |   0.0 |   0.0 |  40.0
               +-------+-------+-------+-------+-------+----------------------

Table legend:
 A = Kills in this place as a percentage of kills in entire the game.
 B = Kills by you in this place as a percentage of kills by you in the entire game.
 C = Kills by friends in this place as a percentage of kills by friends in the entire game.
 D = Other kills in this place as a percentage of other kills in the entire game.
 E = Experience gained in this place as a percentage of experience gained in the entire game.
 F = Experience gained in this place divided by the number of levels of this place that you have seen.
                   A       B       C       D       E      F
               +-------+-------+-------+-------+-------+----------------------
         Total | 100.0 | 100.0 |   N/A |   N/A | 100.0 |  15.2
       Dungeon | 100.0 | 100.0 |   N/A |   N/A | 100.0 |  15.2
               +-------+-------+-------+-------+-------+----------------------

Vault maps used:
D:1:      giann_horns, minivault_23
D:2:      nicolae_qazlal_style_of_elements, first_ration,
          hangedman_abyss_or_decor_stabs, uniq_terence, uniq_natasha
D:3:      wad_woods_settlement, nicolae_ru_great_annihilating_truth
D:6:      kennysheep_kobold_camp, gammafunk_temple_overflow_pools,
          minmay_temple_entry_crystal_x, uniq_menkaure
D:7:      wad_river_or_something, grunt_decor_clamped, lemuel_oklob_altar,
          uniq_joseph
D:8:      minmay_curly_fans, kennysheep_ying_yang, special_room,
          ebering_ghost_reflecting_pool
D:10:     minmay_lair_entry_lava, serial_ice, serial_ice_i, serial_ice_c,
          serial_ice_n, serial_ice_d, basic_altar
